AoeStats
← DeathPanther

Nomad

508148276Analyzed
4v4 RM · 12d ago on Sep 21, 2026· 25m 33s· 8 players
Game mode
Random Map
Map size
231×231
Population
200
Speed
Normal
Resources
Standard
Victory
Conquest
Starting age
Dark Age
Ending age
Imperial Age
RankedLock teamsTeams togetherTeam positionsShared explorationLock speedFull tech treeHidden civsTurbo modeCheats
Victory
Defeat
🇲🇽 Franks · Mexico
979
+11
🇨🇱 Goths · Chile
906
+14
🇨🇱 Inca · Chile
875
+15
🇨🇱 Vikings · Chile
801
+19
🇨🇦 Sicilians · Canada
1000
-60
🇺🇸 Byzantines · United States
859
-15
🇺🇸 Jurchens · United States
833
-14
🇺🇸 Khmer · United States
770
-11
Nack18 CL
3:06 Loom
17:47 Feudal Age
18:04 Man-at-Arms
26:29 Castle Age
DeathPanther
5:57 Loom
14:51 Feudal Age
20:34 Castle Age
18:38 Double-Bit Axe
18:44 Gold Mining
18:46 Stone Mining
19:43 Fishing Lines
22:19 Scale Barding Armor
22:26 Husbandry
24:47 Wheelbarrow
24:47 Light Cavalry
kingTito7781
6:08 Loom
14:23 Feudal Age
15:42 Wheelbarrow
16:22 Champi Runner
Nergal9964
6:16 Loom
15:40 Feudal Age
18:04 Stone Mining
23:31 Padded Archer Armor
23:23 Fletching
25:54 Castle Age
25:40 Double-Bit Axe
OGDaveyDave
3:10 Loom
19:01 Feudal Age
19:03 Man-at-Arms
19:29 Arson
21:03 Scale Mail Armor
21:13 Forging
20:56 Fletching
RealProduceBob
17:06 Feudal Age
17:33 Double-Bit Axe
22:52 Horse Collar
24:11 Fishing Lines
Guerrilla Warfare
13:31 Feudal Age
18:12 Wheelbarrow
19:28 Stone Mining
20:02 Horse Collar
23:29 Town Watch
Mayor Goldie Wilson
4:53 Loom
15:10 Feudal Age
18:05 Man-at-Arms
18:41 Gold Mining
Connection lost

Rejoining the realm…

Still unreachable

The connection could not be restored.

Session expired

The server has moved on; the page needs a fresh start.